AoeStats
← residua

Black Forest

510380102Analyzed
2v2 RM · 2d ago on Sep 30, 2026· 86m 41s· 4 players
Game mode
Random Map
Map size
Medium (4 player)
Population
200
Speed
Normal
Resources
Standard
Victory
Conquest
Starting age
Dark Age
Ending age
Imperial Age
RankedLock teamsTeams togetherTeam positionsShared explorationLock speedFull tech treeHidden civsTurbo modeCheats
Victory
Defeat
🇨🇭 Bohemians · Switzerland
751
+14
🇩🇪 Burgundians · Germany
748
+15
🇬🇧 Khmer · United Kingdom
725
-15
🇬🇧 Teutons · United Kingdom
708
-14
residua
11:47 Feudal Age
11:23 Loom
12:14 Horse Collar
13:54 Double-Bit Axe
17:55 Castle Age
16:43 Wheelbarrow
16:49 Gold Mining
20:35 Bloodlines
21:42 Heavy Plow
25:34 Scale Barding Armor
27:31 Forging
28:16 Chain Barding Armor
31:32 Iron Casting
32:24 Hand Cart
32:21 Tusk Swords
34:20 Bow Saw
38:08 Imperial Age
36:02 Stone Mining
38:11 Ballistics
37:46 Fletching
38:13 Elite Ballista Elephant
38:57 Double Crossbow
39:26 Conscription
39:32 Conscription
40:00 Plate Barding Armor
41:03 Bodkin Arrow
42:11 Blast Furnace
41:06 Bodkin Arrow
41:14 Padded Archer Armor
42:39 Hoardings
46:03 Elite Battle Elephant
54:54 Caravan
56:42 Elite Skirmisher
57:49 Murder Holes
74:18 Pikeman
78:35 Halberdier
BigBoyBolly
11:52 Feudal Age
13:24 Wheelbarrow
12:35 Loom
12:37 Town Watch
17:30 Castle Age
15:59 Double-Bit Axe
15:56 Horse Collar
16:18 Man-at-Arms
16:52 Gold Mining
16:54 Stone Mining
17:58 Scale Mail Armor
19:44 Heavy Plow
19:57 Bow Saw
19:47 Gambesons
26:17 Long Swordsman
27:00 Squires
27:26 Hand Cart
29:39 Stone Shaft Mining
31:37 Chain Mail Armor
31:32 Forging
36:23 Imperial Age
34:32 Iron Casting
37:56 Two-Handed Swordsman
37:59 Capped Ram
38:03 Elite Teutonic Knight
39:04 Conscription
39:22 Hoardings
39:31 Champion
41:48 Plate Mail Armor
42:57 Blast Furnace
42:31 Masonry
42:26 Town Patrol
49:00 Ironclad
50:53 Chemistry
50:54 Cavalier
51:58 Scale Barding Armor
52:14 Paladin
56:14 Chain Barding Armor
59:25 Caravan
78:06 Plate Barding Armor
Sheev95
6:41 Loom
13:29 Feudal Age
14:29 Double-Bit Axe
17:32 Castle Age
19:37 Bow Saw
21:47 Horse Collar
24:58 Wheelbarrow
25:03 Heavy Plow
29:23 Caravan
29:58 Coinage
30:16 Hand Cart
30:14 Town Watch
35:28 Imperial Age
34:10 Fletching
34:21 Padded Archer Armor
35:29 Chemistry
34:49 Ballistics
34:42 Fortified Wall
35:14 Town Patrol
36:04 Pikeman
37:20 Halberdier
39:23 Arson
41:51 Guilds
42:50 Two-Man Saw
42:20 Leather Archer Armor
43:23 Banking
43:46 Masonry
43:43 Siege Engineers
44:19 Conscription
57:14 Houfnice
58:06 Scale Mail Armor
58:18 Forging
58:39 Ring Archer Armor
59:46 Chain Mail Armor
59:27 Bodkin Arrow
60:12 Squires
62:41 Plate Mail Armor
62:48 Iron Casting
62:45 Bracer
AgeofEmperor669
0:48 Loom
9:55 Double-Bit Axe
14:17 Feudal Age
16:36 Bow Saw
21:01 Castle Age
18:46 Horse Collar
22:47 Heavy Plow
23:13 Fletching
25:18 Stone Mining
36:51 Imperial Age
35:20 Bodkin Arrow
35:36 Forging
35:32 Scale Barding Armor
35:18 Cavalier
35:58 Husbandry
36:32 Gold Mining
37:20 Stone Shaft Mining
38:34 Chemistry
39:22 Gold Shaft Mining
39:19 Crop Rotation
41:27 Padded Archer Armor
41:29 Scale Mail Armor
42:55 Conscription
46:10 Bracer
46:47 Iron Casting
46:56 Pikeman
48:38 Wheelbarrow
50:18 Blast Furnace
54:33 Town Watch
55:07 Hand Cart
56:19 Two-Man Saw
57:21 Fortified Wall
57:35 Ballistics
56:56 Treadmill Crane
59:31 Chain Barding Armor
59:27 Chain Mail Armor
59:11 Murder Holes
59:27 Masonry
60:21 Burgundian Vineyards
60:04 Paladin
61:18 Town Patrol
61:10 Onager
64:08 Hoardings
62:54 Elite Coustillier
68:02 Light Cavalry
68:06 Elite Skirmisher
68:48 Crossbowman
70:22 Hussar
71:25 Caravan
72:51 Halberdier
73:31 Squires
73:17 Arson
Connection lost

Rejoining the realm…

Still unreachable

The connection could not be restored.

Session expired

The server has moved on; the page needs a fresh start.